 Dungeon Crawl Stone Soup version 0.29-a0-464-g50448035db (webtiles) character file.

Game seed: 7283806089054243936

37 Bruhh the Ogre Mage (level 3, 1/31 HPs)
             Began as an Ogre Earth Elementalist on May 21, 2022.
             Quit the game on level 1 of the Dungeon.
             The game lasted 00:02:20 (1967 turns).

Bruhh the Ogre Mage (Ogre Earth Elementalist)       Turns: 1967, Time: 00:02:21

Health: 1/31       AC:  3    Str: 12    XL:     3   Next: 39%
Magic:  7/7        EV:  9    Int: 18    God:
Gold:   84         SH:  0    Dex:  9    Spells: 7/8 levels left

rFire   . . .      SeeInvis .   k - +0 short sword
rCold   . . .      Faith    .   (no shield)
rNeg    . . .      Spirit   .   b - +0 robe
rPois   .          Reflect  .   (helmet restricted)
rElec   .          Harm     .   (no cloak)
rCorr   .          Rampage  .   (gloves unavailable)
Will    .....                   (boots unavailable)
Stlth   +.........              (no amulet)
HPRegen 0.10/turn               (no ring)
MPRegen 0.10/turn               (no ring)

@: no status effects
A: large, unfitting armour, tough skin 1
a: no special abilities


You were on level 1 of the Dungeon.
You visited 1 branch of the dungeon, and saw 2 of its levels.

You collected 84 gold pieces.

Inventory:

Hand Weapons
 k - a +0 short sword (weapon)
Armour
 b - a +0 robe (worn)
Scrolls
 f - a scroll of vulnerability {unknown}
 h - 3 scrolls of identify {unknown}
 j - a scroll of teleportation {unknown}
Potions
 c - a potion of magic
 d - a potion of heal wounds {unknown}
 e - a potion of resistance {unknown}
 g - a potion of curing {unknown}
 i - a potion of degeneration {unknown}


   Skills:
 - Level 1.7 Dodging
 - Level 1.4 Stealth
 + Level 3.4 Spellcasting
 - Level 0.8 Transmutations
 + Level 3.3 Earth Magic


You had 7 spell levels left.
You knew the following spells:

 Your Spells              Type           Power      Damage    Failure   Level
a - Sandblast             Erth           30%        2d9       3%          1

Your spell library contained the following spells:

 Spells                   Type           Power      Damage    Failure   Level
 Passwall                 Tmut/Erth      8%         N/A       10%         2
 Stone Arrow              Conj/Erth      18%        3d8       24%         3
 Petrify                  Tmut/Erth      10%        N/A       54%         4


Dungeon Overview and Level Annotations

Branches:
Dungeon (2/15)

Altars:

Shops:
D:1 (

Annotations:
D:2 Robin


Innate Abilities, Weirdness & Mutations

You are too large for most types of armour.
You have tough skin. (AC +1)


Message History

You barely miss the goblin. The bat hits you but does no damage.
The bat barely misses you. The goblin hits you with a +0 dagger.
The hobgoblin barely misses you.
You hit the bat.
The bat is severely wounded.
The bat closely misses you. The goblin hits you with a +0 dagger.
The hobgoblin hits you.
You are too injured to fight recklessly!
You are too injured to fight recklessly!
You are too injured to fight recklessly!
Unknown command.
You are too injured to fight recklessly!
You are too injured to fight recklessly!
You hit the goblin but do no damage. The bat hits you but does no damage.
The goblin closely misses you. The hobgoblin hits you.
You closely miss the goblin. The bat closely misses you.
The goblin closely misses you. The hobgoblin hits you.
* * * LOW HITPOINT WARNING * * *
Okay, then.
You hit the goblin.
The goblin is severely wounded.
The bat barely misses you. The hobgoblin barely misses you.
The goblin hits you but does no damage.
You closely miss the goblin.
The goblin is severely wounded.
The bat hits you but does no damage. The goblin hits you with a +0 dagger.
* * * LOW HITPOINT WARNING * * *
The hobgoblin hits you but does no damage.
You closely miss the goblin.
The goblin is moderately wounded.
The bat barely misses you. The goblin hits you with a +0 dagger.
* * * LOW HITPOINT WARNING * * *
The hobgoblin closely misses you. The bat hits you but does no damage.
You hit the goblin but do no damage.
The goblin is moderately wounded.
The bat hits you but does no damage. The hobgoblin hits you.
* * * LOW HITPOINT WARNING * * *
The goblin closely misses you.
Okay, then.
Are you sure you want to abandon this character and quit the game? (Confirm with "yes".)

#################
................#
###############.#
#######.# #.....#.# #####
#.###.#.###
....#####.#.......#
................@.#
).....###.#.....gg#
###...# #.##..b...# #...#
#.#.......# #...#
#.#[......# #######
#.........####### ....#
###.............#
....#######.....####...##
..........#.............#


You could see a hobgoblin, a goblin and a bat.

Vanquished Creatures
  A worm (D:2)
  2 dart slugs (D:1)
  2 endoplasms
  2 giant cockroaches (D:1)
  A goblin (D:2)
  4 hobgoblins (D:1)
  A quokka (D:1)
  4 ball pythons (D:1)
  5 bats
  4 kobolds
  5 rats (D:1)
31 creatures vanquished.

Notes
Turn   | Place    | Note
-------+----------+-------------------------------------------
     0 | D:1      | Bruhh the Ogre Earth Elementalist began the quest for the
                  | Orb.
     0 | D:1      | Reached XP level 1. HP: 16/16 MP: 3/3
    79 | D:1      | Found a faded altar of an unknown god.
   161 | D:1      | Reached XP level 2. HP: 9/24 MP: 0/5
  1292 | D:1      | Reached XP level 3. HP: 31/31 MP: 5/7
  1312 | D:1      | Found Iwoatiot's Antique Weapon Boutique.
  1926 | D:2      | Noticed Robin
  1966 | D:1      | HP: 1/31 [hobgoblin[Robin] (4)]
  1967 | D:1      | Quit the game

Illustrated notes

Levels and vault maps discovered:
D:1:      onia_arrival_mini_spirals, layout_basic, serial_shops, shop,
          nicolae_ecumenical_lake_church
D:2:      layout_basic, uniq_robin, uniq_natasha, uniq_crazy_yiuf_cottage

Skill      XL: |  1  2 |
---------------+-------+-----
Earth Magic    | 3 |  3.3
Spellcasting   | 3 |  3.4
Dodging        | |  1.7
Stealth        | |  1.4
Transmutations | |  0.8

Action                   || total
-------------------------++-------
Melee: Unarmed           ||    27
       Short sword       ||    37
 Cast: Sandblast         ||    33
Armor: Robe              ||    32
Dodge: Dodged            ||    60

Table legend: (Time is in decaauts)
 A = Elapsed time spent in this place.
 B = Non-inter-level travel time spent in this place.
 C = Inter-level travel time spent in this place.
 D = Time resting spent in this place.
 E = Time spent auto-exploring this place.
 F = Levels seen in this place.
 G = Mean time per level.
                   A        B        C        D        E       F      G
               +--------+--------+--------+--------+--------+-----+--------+
         Total |   1971 |   1949 |     22 |      0 |   1677 |   2 |  985.5 |
       Dungeon |   1971 |   1949 |     22 |      0 |   1677 |   2 |  985.5 |
               +--------+--------+--------+--------+--------+-----+--------+

Top non-repeatable levels by time:
     D:1: 1652 daAuts
     D:2: 318 daAuts
